 Dungeon Crawl Stone Soup version 0.23-a0-619-g281719c6f9 (webtiles) character file.

4891 HereIgoKillingAgain the Charmwright (level 10, -1/124 HPs)
             Began as a Red Draconian Skald on Dec 23, 2018.
             Was a Priest of Kikubaaqudgha.
             Slain by a yak (4 damage)
             ... on level 8 of the Dungeon.
             The game lasted 00:16:05 (9447 turns).

HereIgoKillingAgain the Charmwright (DrSk)          Turns: 9447, Time: 00:16:06

Health: -1/124     AC: 14    Str: 18    XL:     10   Next: 26%
Magic:  17/17      EV: 12    Int: 15    God:    Kikubaaqudgha [***...]
Gold:   174        SH:  0    Dex: 11    Spells: 5/19 levels left

rFire    + . .     SeeInvis .   r - +9 mace of Lohuqan {venom, +Blink +Fly rElec Str-2}
rCold    . . .     Gourm    .   (no shield)
rNeg     . . .     Faith    +   (armour unavailable)
rPois    .         Spirit   .   (helmet restricted)
rElec    +         Reflect  .   q - +2 cloak
rCorr    .         Harm     .   (no gloves)
MR       .....                  o - +0 pair of boots
Stlth    ..........             D - amulet of faith
HPRegen  0.30/turn              B - +3 ring of protection
MPRegen  0.15/turn              (no ring)

@: mighty, berserking, singing, heavily drained, very quick
A: breathe fire, unfitting armour, fire resistance 1, cold-blooded, AC +7
a: Breathe Fire, Receive Corpses, Renounce Religion, Evoke Blink, Evoke Flight


You were on level 8 of the Dungeon.
You worshipped Kikubaaqudgha.
Kikubaaqudgha was most pleased with you.
You were not hungry.

You visited 1 branch of the dungeon, and saw 9 of its levels.

You collected 474 gold pieces.
You spent 300 gold pieces at shops.

Inventory:

Hand Weapons
 a - a +0 short sword
 d - a +1 dagger of draining
 f - a +2 short sword of venom
 p - a +5 quarterstaff of chaos
 r - the +9 mace of Lohuqan (weapon) {venom, +Blink +Fly rElec Str-2}
   (You found it on level 4 of the Dungeon)

   It poisons the flesh of those it strikes.
   It affects your strength (-2).
   It insulates you from electricity.
   It lets you fly.
   It lets you blink.
 A - a +2 scimitar of flaming
Armour
 o - a +0 pair of boots (worn)
 q - a +2 cloak (worn)
Jewellery
 b - an uncursed amulet of the acrobat
 i - an uncursed ring of stealth
 B - a +3 ring of protection (left hand)
 D - an amulet of faith (around neck)
Wands
 k - a wand of paralysis (6)
 w - a wand of enslavement (5)
Scrolls
 g - a scroll of immolation
 h - 4 scrolls of remove curse
 x - a scroll of magic mapping
 y - a scroll of enchant weapon
 C - a scroll of amnesia
 E - a scroll of identify
Potions
 j - 2 potions of might
 l - 4 potions of agility
 n - 2 potions of flight
 s - 2 potions of curing
 t - 2 potions of resistance
 z - a potion of cancellation
Comestibles
 c - 5 rations


   Skills:
 + Level 6.1(4.2) Fighting
 - Level 3.6(1.8) Short Blades
 + Level 4.4(2.5) Maces & Flails
 - Level 3.2(1.4) Dodging
 - Level 1.0(0.0) Stealth
 * Level 5.3(3.4) Spellcasting
 - Level 7.2(5.2) Charms
 + Level 6.9(4.9) Necromancy
 - Level 5.1(3.2) Translocations


You had 5 spell levels left.
You knew the following spells:

 Your Spells              Type           Power        Failure   Level  Hunger
a - Infusion              Chrm           ###.         2%          1    None
b - Song of Slaying       Chrm           ###.....     3%          2    ##.....
c - Regeneration          Chrm/Necr      ###.......   7%          3    ###....
d - Shroud of Golubria    Chrm/Tloc      ###.......   4%          2    ##.....
e - Simulacrum            Ice/Necr       ##........   100%        6    #######

Your spell library contained the following spells:

 Spells                   Type           Power        Failure   Level  Hunger
 Animate Skeleton         Necr           N/A          2%          1    None
 Pain                     Necr           ###.         2%          1    None
 Sublimation of Blood     Necr           ###.......   3%          2    ##.....
 Vampiric Draining        Necr           ###.......   8%          3    ###....
 Spectral Weapon          Hex/Chrm       ##......     21%         3    ###....
 Agony                    Necr           ###.....     56%         5    ######.
 Dispel Undead            Necr           ###.....     56%         5    ######.
 Borgnjor's Vile Clutch   Necr/Erth      ##........   88%         5    ######.
 Death Channel            Necr           ###.......   98%         6    #######


Dungeon Overview and Level Annotations

Branches:
Dungeon (9/15)             Temple (0/1) D:6            Lair (0/6) D:9
    Orc: D:9-12

Altars:
Ashenzari
Kikubaaqudgha
Qazlal
Trog

Shops:
D:7 !


Innate Abilities, Weirdness & Mutations

You can breathe blasts of fire.
Your fiery red scales are hard. (AC +7)
You cannot fit into any form of body armour.
Your flesh is heat resistant. (rF+)
You are cold-blooded and may be slowed by cold attacks.


Message History

The yak misses you. The yak barely misses you. x2
You sock the yak!
The yak looks as sick as possible!
The yak is heavily wounded.
The yak gores you but does no damage. The yak completely misses you.
The yak gores you.
* * * LOW HITPOINT WARNING * * *
The yak gores you!
* * * LOW HITPOINT WARNING * * *
Unknown command.
Unknown command.
Okay, then.
A red film seems to cover your vision as you go berserk!
You feel yourself moving faster!
You feel mighty! The yak closely misses you. The yak misses you.
The yak closely misses you.
You sock the yak!
The yak is severely wounded.
The porcupine twitches its whiskers.
The yak gores you.
You die...
Kikubaaqudgha rasps: "You have failed me!
Welcome... death!"

................###.((....#
...............## #.......##
...............# ##........##
#.............##
#..........## #.............#
##...........##
#............##
#.............##
##...........#
#............!.#
#..........##
##Y...........).#
##.........#
#@Yr............# ###..######
##.Y.............# ##..#
#...............## ### ##.##
#...............# ..#
#..######..............####
.##
###.........................
.#
##..########.................
## ##..## #...........######
##..## ##..........# ##


You could see 3 yaks and a porcupine.

Vanquished Creatures
  Erica (D:8)
  A hornet (D:8)
  Prince Ribbit (D:6)
  A yak (D:8)
  3 water moccasins
  3 ice beasts
  2 orc warriors
  A sky beast (D:5)
  5 ogres
  5 centaurs
  5 bullfrogs
  3 scorpions
  2 wights (D:9)
  3 vampire bats (D:2)
  6 crimson imps
  3 centaur zombies
  A hound (D:8)
  A quasit (D:7)
  2 bullfrog skeletons
  3 jellies
  3 orc wizards
  A centaur skeleton (D:5)
  6 orc priests
  Crazy Yiuf (D:4)
  4 iguanas
  7 worker ants
  A worker ant zombie (D:8)
  A howler monkey skeleton (D:2)
  9 adders
  4 shadow imps
  An ooze (D:7)
  2 adder zombies
  An adder skeleton (D:4)
  5 worms
  6 leopard geckos
  14 orcs
  6 bats
  3 bat skeletons (D:2)
  A bat zombie (D:2)
  7 giant cockroaches
  8 goblins
  2 hobgoblins (D:2)
  6 jackals
  2 quokkas
  5 frilled lizards
  6 kobolds
  A quokka skeleton (D:3)
  7 rats
172 creatures vanquished.

Vanquished Creatures (others)
  6 bushes (D:9)
  2 fungi (D:9)
  15 plants (D:9)
23 creatures vanquished.

Grand Total: 195 creatures vanquished

Notes
Turn   | Place    | Note
-------+----------+-------------------------------------------
     0 | D:1      | HereIgoKillingAgain the Draconian Skald began the quest for
                  | the Orb.
     0 | D:1      | Reached XP level 1. HP: 17/17 MP: 3/3
   308 | D:1      | Reached XP level 2. HP: 21/24 MP: 5/5
   953 | D:2      | Reached skill level 3 in Charms
  1017 | D:2      | Reached XP level 3. HP: 13/29 MP: 6/6
  1823 | D:2      | Found an ancient bone altar of Kikubaaqudgha.
  1830 | D:2      | Reached XP level 4. HP: 28/37 MP: 7/7
  1880 | D:2      | Became a worshipper of Kikubaaqudgha
  2117 | D:2      | Reached skill level 1 in Stealth
  2117 | D:2      | Reached XP level 5. HP: 40/42 MP: 8/8
  2143 | D:2      | Learned a level 2 spell: Song of Slaying
  2147 | D:2      | Learned a level 3 spell: Regeneration
  2349 | D:3      | Noticed a centaur
  2360 | D:3      | Killed a centaur
  2360 | D:3      | Reached skill level 1 in Necromancy
  2380 | D:3      | Reached XP level 6. HP: 31/51 MP: 9/9
  2604 | D:3      | Found a stormy altar of Qazlal.
  3225 | D:3      | Learned a level 2 spell: Shroud of Golubria
  3675 | D:4      | Reached * piety under Kikubaaqudgha
  3675 | D:4      | Identified Kikubaaqudgha's Reference Book on Evil Rituals
                  | (Kikubaaqudgha gifted it to you on level 4 of the Dungeon)
  3675 | D:4      | Received a gift from Kikubaaqudgha
  3704 | D:4      | Reached skill level 4 in Charms
  4367 | D:4      | Found a runed door.
  4405 | D:4      | Found a bloodstained altar of Trog.
  4923 | D:4      | Noticed Crazy Yiuf
  4927 | D:4      | Killed Crazy Yiuf
  4927 | D:4      | Your scales start taking on a fiery red colour.
  4927 | D:4      | Reached XP level 7. HP: 57/57 MP: 11/11
  4927 | D:4      | Gained mutation: Your flesh is heat resistant. (rF+) [Red
                  | Draconian growth]
  4933 | D:4      | Got a steaming mace
  4939 | D:4      | Identified the +9 mace of Lohuqan {venom, +Blink +Fly rElec
                  | Str-2} (You found it on level 4 of the Dungeon)
  4992 | D:5      | Entered Level 5 of the Dungeon
  5067 | D:5      | Found a shattered altar of Ashenzari.
  5089 | D:5      | Reached skill level 1 in Maces & Flails
  5109 | D:5      | HP: 1/58 [water moccasin (7)]
  5585 | D:5      | Reached skill level 5 in Charms
  5589 | D:5      | Reached XP level 8. HP: 49/66 MP: 13/13
  5957 | D:6      | Reached skill level 1 in Translocations
  6123 | D:6      | Reached ** piety under Kikubaaqudgha
  6207 | D:6      | Noticed Prince Ribbit
  6221 | D:6      | Killed Prince Ribbit
  6221 | D:6      | Reached skill level 5 in Necromancy
  6283 | D:6      | Found a staircase to the Ecumenical Temple.
  6602 | D:7      | Reached skill level 5 in Fighting
  6642 | D:7      | Reached skill level 6 in Charms
  6642 | D:7      | Reached XP level 9. HP: 38/74 MP: 11/15
  7163 | D:7      | Found Cuow's Distillery.
  7171 | D:7      | Bought a potion of might for 48 gold pieces
  7171 | D:7      | Bought a potion of berserk rage for 60 gold pieces
  7171 | D:7      | Bought a potion of agility for 48 gold pieces
  7171 | D:7      | Bought a potion of might for 48 gold pieces
  7171 | D:7      | Bought a potion of curing for 36 gold pieces
  7171 | D:7      | Bought a potion of heal wounds for 60 gold pieces
  7834 | D:8      | Noticed Erica
  7844 | D:8      | Killed Erica
  7892 | D:8      | Reached skill level 7 in Charms
  7905 | D:8      | Reached XP level 10. HP: 27/83 MP: 15/17
  8196 | D:8      | Reached skill level 5 in Spellcasting
  8207 | D:8      | Reached skill level 5 in Translocations
  8787 | D:9      | Found a staircase to the Lair.
  8833 | D:9      | Reached *** piety under Kikubaaqudgha
  8833 | D:9      | Identified Kikubaaqudgha's Reference Book on Darkness
                  | (Kikubaaqudgha gifted it to you on level 9 of the Dungeon)
  8833 | D:9      | Received a gift from Kikubaaqudgha
  8858 | D:9      | Learned a level 6 spell: Simulacrum
  9445 | D:8      | HP: 2/83 [yak (10)]
  9447 | D:8      | Slain by a yak

Vault maps used:
D:1:      lemuel_arrival_broad_hall, serial_rivers,
          chequers_serial_rivers_large_b, chequers_serial_rivers_micro_e,
          chequers_serial_rivers_marsh, chequers_serial_rivers_small_a,
          chequers_serial_rivers_micro_e
D:2:      kennysheep_vampire_church
D:3:      old_standard_altar, gup_sewer_entry_glass
D:4:      kennysheep_mini_moat, first_ration, uniq_crazy_yiuf_cottage
D:5:      minmay_diamond_boxcup, ashenzari_altar_1
D:6:      minmay_temple_entry_proselytizer, uniq_prince_ribbit1
D:7:      minmay_octagon_keep, enter_bailey_8, serial_shops, shop
D:8:      uniq_erica
D:9:      grunt_temple_overflow_open, minmay_lair_entry_grove,
          nicolae_dithmenos_the_darkroom

Skill      XL: |  1  2  3  4  5  6  7  8  9 10 |
---------------+-------------------------------+-----
Charms         | 3 4 5 6 7 |  7.2
Dodging        | 3 |  3.2
Short Blades   | 3 |  3.6
Stealth        | 1 |  1.0
Fighting       | 3 4 5 6 |  6.1
Necromancy     | 1 2 3 5 6 |  6.9
Spellcasting   | 3 4 5 |  5.3
Maces & Flails | 1 2 4 |  4.4
Translocations | 2 4 5 |  5.1

Action                   |  1- 3 |  4- 6 |  7- 9 | 10-12 || total
-------------------------+-------+-------+-------+-------++-------
Melee: Dagger            |   105 |    98 |       |       ||   203
       Short sword       |     8 |   160 |       |       ||   168
       Tailslap          |     9 |    18 |    17 |     7 ||    51
       Mace              |       |       |   221 |    69 ||   290
 Cast: Song of Slaying   |       |     2 |     9 |     5 ||    16
       Regeneration      |       |     1 |     7 |       ||     8
       Infusion          |       |     1 |       |       ||     1
       Shroud of Golubri |       |       |     2 |       ||     2
 Abil: Breathe Fire      |       |       |     1 |     1 ||     2
Evoke: Wand              |       |     3 |     2 |     1 ||     6
  Use: Scroll            |     3 |     2 |     9 |     4 ||    18
       Potion            |       |     6 |     1 |     4 ||    11
 Stab: Sleeping          |     2 |       |     3 |       ||     5
       Paralysed         |       |     5 |     9 |     3 ||    17
  Eat: Chunk             |     2 |     3 |     3 |       ||     8
       Ration            |       |     2 |     4 |     1 ||     7
Armor: Skin              |    47 |   168 |    81 |    70 ||   366
Dodge: Dodged            |    78 |   196 |   189 |   122 ||   585

Table legend:
 A = Non-vault XP
 B = Vault XP
 C = Vault XP percentage of total XP
 D = Non-vault monster count
 E = Vault monster count
 F = Vault count percentage of total count
                 A         B        C        D         E       F
            +---------+---------+-------+---------+---------+-------
      Total |    4394 |    2594 |  37.1 |     144 |      28 |  16.3
            +---------+---------+-------+---------+---------+-------
        D:1 |      18 |       0 |   0.0 |      12 |       0 |   0.0
        D:2 |      68 |     180 |  72.6 |      22 |       7 |  24.1
        D:3 |     239 |       0 |   0.0 |      24 |       0 |   0.0
        D:4 |     194 |      39 |  16.7 |      18 |       1 |   5.3
        D:5 |     764 |     367 |  32.4 |      11 |       7 |  38.9
        D:6 |     500 |     315 |  38.7 |      10 |       2 |  16.7
        D:7 |     689 |     573 |  45.4 |      14 |       9 |  39.1
        D:8 |    1439 |    1120 |  43.8 |      23 |       2 |   8.0
        D:9 |     483 |       0 |   0.0 |      10 |       0 |   0.0
            +---------+---------+-------+---------+---------+-------
